 Dungeon Crawl Stone Soup version 0.28.0-43-g3370ac3207 (webtiles) character file.

Game seed: 6484609534636358035

474 croobank the Skirmisher (level 7, -10/61 HPs)
             Began as a Hill Orc Fighter on Mar 15, 2022.
             Mangled by an ogre
             ... wielding a +0 giant spiked club
              (14 damage)
             ... on level 4 of the Dungeon.
             The game lasted 00:14:11 (4007 turns).

croobank the Skirmisher (Hill Orc Fighter)          Turns: 4007, Time: 00:14:12

Health: -10/61     AC: 11    Str: 21    XL:     7   Next: 10%
Magic:  16/16      EV:  9    Int:  8    God:
Gold:   104        SH:  0    Dex: 10    Spells: 6/6 levels left

rFire   + . .      SeeInvis .   e - +2 mace (holy)
rCold   + . .      Faith    .   c - +0 buckler
rNeg    . . .      Spirit   .   q - +0 scale mail
rPois   +          Reflect  .   f - +2 helmet
rElec   +          Harm     .   (no cloak)
rCorr   +          Rampage  .   (no gloves)
Will    .....                   h - +0 pair of boots
Stlth   ..........              (no amulet)
HPRegen 0.20/turn               A - ring of magical power
MPRegen 0.15/turn               (no ring)

@: confused, resistant, ambrosia-drunk, hasted, very quick
A: no striking features
a: no special abilities


You were on level 4 of the Dungeon.
You visited 1 branch of the dungeon, and saw 5 of its levels.

You collected 104 gold pieces.

Inventory:

Hand Weapons
 a - a +0 war axe
 b - a +0 hunting sling
 e - a +2 mace of holy wrath (weapon)
 j - a +1 dagger of venom
 y - a +3 hand axe
 C - a +0 falchion
Missiles
 k - 32 stones
 p - 10 poisoned darts (quivered)
 u - 55 sling bullets
 E - 44 arrows
Armour
 c - a +0 buckler (worn)
 f - a +2 helmet (worn)
 h - a +0 pair of boots (worn)
 q - a +0 scale mail (worn)
 B - a +0 chain mail
Jewellery
 A - a ring of magical power (left hand)
Wands
 g - a wand of iceblast (11)
Scrolls
 m - a scroll of immolation
 v - a scroll of teleportation
Potions
 d - a potion of might
 i - a potion of cancellation
 s - a potion of curing {unknown}
 x - a potion of ambrosia


   Skills:
 + Level 5.6 Fighting
 + Level 5.4 Axes
 + Level 5.2 Armour
 + Level 5.0 Shields


You had 6 spell levels left.
You didn't know any spells.
Your spell library contained the following spells:

 Spells                   Type           Power      Damage    Failure   Level
 Foxfire                  Conj/Fire      0%         2x1d4     82%         1
 Slow                     Hex            0%         N/A       82%         1
 Sting                    Tmut/Pois      0%         1d3       82%         1
 Summon Small Mammal      Summ           0%         N/A       82%         1
 Poisonous Vapours        Pois/Air       0%         N/A       91%         2
 Call Canine Familiar     Summ           0%         N/A       99%         3
 Summon Guardian Golem    Hex/Summ       0%         N/A       99%         3
 Olgreb's Toxic Radiance  Pois           0%         N/A       100%        4


Dungeon Overview and Level Annotations

Branches:
Dungeon (5/15)
 Temple: D:4-7

Altars:
Fedhas
Gozag
Sif Muna
Trog
Uskayaw
Vehumet


Message History

You block the orc's attack. The gnoll shaman barely misses you.
You barely miss the orc. You block the gnoll's attack.
You block the orc's attack. The gnoll completely misses you.
The gnoll hits you but does no damage.
The gnoll shaman hits you but does no damage.
The orc hits you with a +0 flail. The orc barely misses you.
The orc hits you but does no damage.
You sock the orc!
The orc is almost dead.
The ogre barely misses you. The gnoll barely misses you.
The orc hits you but does no damage. The orc completely misses you.
The orc hits you with a +0 flail. The orc hits you but does no damage.
The gnoll hits you but does no damage.
An ogre comes into view. It is wielding a +0 giant club.
The ogre shouts!
The gnoll shaman calls upon its god to heal the gnoll.
The gnoll's wounds heal themselves!
The ogre hits you with a +0 giant club!!
There is a stone staircase leading up here.
The gnoll hits you with a +0 flail. The ogre barely misses you.
The gnoll hits you with a +0 flail.
* * * LOW HITPOINT WARNING * * *
You climb upwards.
There is a stone staircase leading down here.
It was a potion of cancellation.
You feel magically purged. You block the gnoll's attack.
The orc barely misses you.
The ogre hits you with a +0 giant spiked club!
* * * LOW HITPOINT WARNING * * *
It was a potion of resistance.
You feel protected. You block the gnoll's attack.
The orc hits you with a +0 short sword.
* * * LOW HITPOINT WARNING * * *
The gnoll closely misses you. The ogre completely misses you.
It was a potion of haste.
You feel yourself speed up. The gnoll closely misses you.
The orc hits you but does no damage.
It was a potion of ambrosia.
You are confused.
You feel invigorated. The gnoll hits you but does no damage.
The ogre hits you with a +0 giant spiked club!
You die...

** #.....####..........##..
###...##....#).......##.
##.......###.)...#...#.
####..##.#.####[....#.....
##..#...###.......##......>
##......## #.#...)..#.......
##.....######................
#####.......##.o#O.>.............
................@g...............
..........#######................
...........## #.............####
............#####...........## #
........###.#.###............####
.....).## #....##...............#
......## #<..........###....#..#
..#...#####...........# #....#...
###...#.#............#####....##.


You could see an ogre, a gnoll (fast) and an orc.

Vanquished Creatures
  A scorpion (D:4)
  A vampire bat (D:3)
  A hound (D:4)
  Terence (D:3)
  An orc wizard (D:4)
  6 gnolls
  5 adders
  An ufetubus (D:5)
  2 worms
  A dart slug (D:1)
  3 fire bats (D:3)
  7 orcs
  2 spectral bats (D:3)
  12 bats
  3 bat skeletons (D:3)
  A bat zombie (D:3)
  5 endoplasms
  5 giant cockroaches
  10 goblins
  6 hobgoblins
  9 jackals
  2 quokkas
  7 ball pythons
  A bat simulacrum (D:3)
  2 frilled lizards (D:2)
  A jackal skeleton (D:4)
  9 kobolds
  4 rats
109 creatures vanquished.

Notes
Turn   | Place    | Note
-------+----------+-------------------------------------------
     0 | D:1      | croobank the Hill Orc Fighter began the quest for the Orb.
     0 | D:1      | Reached XP level 1. HP: 19/19 MP: 1/1
   316 | D:1      | Reached XP level 2. HP: 24/27 MP: 2/2
  1128 | D:2      | Reached XP level 3. HP: 22/33 MP: 3/3
  1448 | D:2      | Reached XP level 4. HP: 35/40 MP: 4/4
  2181 | D:3      | Got An Introduction to Rites and Rhymes
  2216 | D:3      | Noticed Terence
  2222 | D:3      | Killed Terence
  2223 | D:3      | Reached XP level 5. HP: 37/47 MP: 5/5
  2404 | D:3      | Found a faded altar of an unknown god.
  2694 | D:3      | Reached skill level 5 in Fighting
  2694 | D:3      | Reached XP level 6. HP: 56/56 MP: 6/6
  3093 | D:3      | Found a hide-covered altar of Uskayaw.
  3096 | D:3      | Found a blossoming altar of Fedhas.
  3101 | D:3      | Found an opulent altar of Gozag.
  3101 | D:3      | Found a shimmering blue altar of Sif Muna.
  3102 | D:3      | Found a bloodstained altar of Trog.
  3106 | D:3      | Found a radiant altar of Vehumet.
  3305 | D:4      | Reached skill level 5 in Axes
  3305 | D:4      | Reached skill level 5 in Armour
  3642 | D:4      | Reached skill level 5 in Shields
  3642 | D:4      | Reached XP level 7. HP: 60/61 MP: 7/7
  3670 | D:4      | Identified a scroll of acquirement
  3670 | D:4      | Acquired a +2 mace of holy wrath
  3959 | D:5      | Entered Level 5 of the Dungeon
  4005 | D:4      | HP: 1/61 [orc/+0 short sword (3)]
  4007 | D:4      | Mangled by an ogre

Illustrated notes

Levels and vault maps discovered:
D:1:      heliophobic_arrival_glass_houses, layout_basic, minmay_misc_feat_iff
D:2:      layout_loops_cross
D:3:      layout_loops_ring, minitemple, shapermc_ecumenical_altar_pompeii,
          st_stairs_7, goddamned_bats, uniq_terence
D:4:      kennysheep_big_flooded_room, layout_cave_pools
D:5:      layout_gridville, abandoned_shop

Skill      XL: |  1  2  3  4  5  6 |
---------------+-------------------+-----
Axes           | 3 4 5 |  5.4
Fighting       | 4 5 |  5.6
Armour         | 4 5 |  5.2
Shields        | 4 5 |  5.0

Action                   |  1- 3 |  4- 6 |  7- 9 || total
-------------------------+-------+-------+-------++-------
Melee: War axe           |    64 |    65 |       ||   129
       Hand axe          |       |   141 |    13 ||   154
       Mace              |       |       |    13 ||    13
 Fire: Hunting sling     |     2 |       |       ||     2
  Use: Scroll            |       |     5 |     3 ||     8
       Potion            |       |     1 |     4 ||     5
Armor: Scale mail        |    42 |   124 |    22 ||   188
       Skin              |       |     6 |       ||     6
Dodge: Dodged            |    32 |   113 |    26 ||   171
Block: Buckler           |    15 |    65 |    11 ||    91
